[Event "ICC tourney 2516 (60 10)"]
[Site "Internet Chess Club"]
[Date "2021.04.18"]
[Round "6"]
[White "LAVALLEE, ETHAN:FixedTooth"]
[Black "KLEIN, EDEN LILY:edenlilyklein"]
[Result "0-1"]
[ICCResult "White checkmated"]
[WhiteElo "321"]
[BlackElo "678"]
[Opening "Scandinavian defense"]
[ECO "B01"]
[NIC "SD.03"]
[Time "16:32:20"]
[PlyCount "58"]
[TimeControl "3600+10"]

1. e4 d5 2. exd5 Nf6 3. Nc3 Nxd5 4. Nxd5 Qxd5 5. Nf3 e5 6. g3 Bg4 7. h3
Bxf3 8. Bb5+ Nc6 9. Bc4 Qe4+ 10. Be2 Bxe2 11. Qxe2 Qxh1+ 12. Qf1 Qxf1+ 13.
Kxf1 Nd4 14. d3 Nxc2 15. Rb1 Bc5 16. Be3 Bxe3 17. fxe3 Nxe3+ 18. Kf2 Nf5
19. Rf1 O-O-O 20. Ke2 Nd6 21. Ke3 Rhe8 22. Kf3 e4+ 23. dxe4 Rxe4 24. Kg2
Rde8 25. h4 Re2+ 26. Kh3 Re1 27. Rf2 R8e2 28. Rf3 h5 29. Rd3 Rh1# { White
checkmated } 0-1

[Event "ICC tourney 2516 (60 10)"]
[Site "Internet Chess Club"]
[Date "2021.04.18"]
[Round "6"]
[White "ZHANG, DEREK:Derekzh"]
[Black "KUMAR, VIHAN:bangingcuberyt"]
[Result "0-1"]
[ICCResult "White checkmated"]
[WhiteElo "861"]
[BlackElo "631"]
[Opening "QGD Slav defense"]
[ECO "D10"]
[NIC "SL.01"]
[Time "16:32:21"]
[PlyCount "32"]
[TimeControl "3600+10"]

1. d4 d5 2. c4 c6 3. Bf4 Bf5 4. Nc3 e6 5. e3 Nf6 6. Be2 Bb4 7. a3 Ba5 8. b4
Bc7 9. Bxc7 Qxc7 10. c5 O-O 11. Nf3 Nbd7 12. O-O a5 13. Nh4 axb4 14. axb4
Rxa1 15. Qxa1 Ng4 16. Nxf5 Qxh2# { White checkmated } 0-1

[Event "ICC tourney 2516 (60 10)"]
[Site "Internet Chess Club"]
[Date "2021.04.18"]
[Round "6"]
[White "CHAN, HANNAH:hannahchan"]
[Black "NEMIROFF, SAMUEL:liznemiroff"]
[Result "0-1"]
[ICCResult "White checkmated"]
[WhiteElo "947"]
[BlackElo "1065"]
[Opening "Sicilian: Alapin's variation (2.c3)"]
[ECO "B22"]
[NIC "SI.47"]
[Time "16:32:13"]
[PlyCount "56"]
[TimeControl "3600+10"]

1. e4 c5 2. c3 Nf6 3. e5 Nd5 4. d4 cxd4 5. Nf3 Nc6 6. cxd4 d6 7. Bc4 Nb6 8.
Bb3 dxe5 9. Nxe5 Nxe5 10. dxe5 Qxd1+ 11. Bxd1 g6 12. Nc3 Bg7 13. Bf4 Nc4
14. b3 Nxe5 15. O-O O-O 16. Bf3 Nxf3+ 17. gxf3 Bxc3 18. Rac1 Bg7 19. Rc7
Bf5 20. Rxb7 e5 21. Bg3 Rfd8 22. Re1 Bh3 23. Re7 Kf8 24. Rc7 Rd2 25. a4
Rad8 26. Rxa7 Rd1 27. Rxf7+ Kxf7 28. Rxd1 Rxd1# { White checkmated } 0-1

[Event "ICC tourney 2516 (60 10)"]
[Site "Internet Chess Club"]
[Date "2021.04.18"]
[Round "6"]
[White "DORON-REPA, HILLEL:Hillel-2012"]
[Black "Tsang, Brendan:BrendanBrave"]
[Result "1-0"]
[ICCResult "Black checkmated"]
[WhiteElo "221"]
[BlackElo "588"]
[Opening "Queen's pawn"]
[ECO "A40"]
[NIC "QO.17"]
[Time "16:32:15"]
[PlyCount "89"]
[TimeControl "3600+10"]

1. d4 e6 2. c4 Nc6 3. Nf3 Bb4+ 4. Bd2 Nf6 5. e3 d5 6. Nc3 O-O 7. cxd5 exd5
8. Bd3 Be6 9. O-O Re8 10. Rc1 Qd6 11. Re1 Rad8 12. Bb1 Bg4 13. a3 Ba5 14.
b4 Bb6 15. Nb5 Qe6 16. Ng5 a6 17. Nxe6 Rxe6 18. Qc2 axb5 19. f3 Bh5 20. g4
Bg6 21. Qc3 Kf8 22. Bxg6 hxg6 23. g5 Nd7 24. h4 Ke7 25. Ra1 Rh8 26. a4 bxa4
27. Rxa4 Rxh4 28. b5 Na7 29. e4 dxe4 30. f4 Nxb5 31. Qb4+ Nd6 32. Kg2 Rg4+
33. Kh3 f5 34. gxf6+ Rxf6 35. Kxg4 Ke6 36. Qb3+ Ke7 37. Bb4 Bxd4 38. Rxe4+
Kd8 39. Rxd4 c5 40. Bxc5 Nxc5 41. Qb6+ Kd7 42. Qxc5 b5 43. Qxb5+ Ke7 44.
Ra7+ Ke6 45. Qe5# { Black checkmated } 1-0

[Event "ICC tourney 2516 (60 10)"]
[Site "Internet Chess Club"]
[Date "2021.04.18"]
[Round "6"]
[White "Smith-Wang, Calder:chowchowchess"]
[Black "Konzelmann, Lucas Joseph:Lkonzelmann"]
[Result "0-1"]
[ICCResult "White checkmated"]
[WhiteElo "590"]
[BlackElo "751"]
[Opening "QGD: 4.Nf3"]
[ECO "D37"]
[NIC "QP.08"]
[Time "16:32:19"]
[PlyCount "64"]
[TimeControl "3600+10"]

1. d4 d5 2. Nf3 Nf6 3. c4 e6 4. Nc3 Nc6 5. Bg5 Bb4 6. e3 h6 7. Bh4 O-O 8.
Ne5 Be7 9. Nxc6 bxc6 10. c5 Nh7 11. Bxe7 Qxe7 12. Bd3 Rb8 13. b3 Qg5 14. f4
Qxg2 15. Rf1 Qxh2 16. Qf3 Qb2 17. Kd1 Qxc3 18. Ke2 Qb2+ 19. Kd1 Qxa1+ 20.
Kc2 Qxa2+ 21. Kc1 Rxb3 22. Bc2 Rc3 23. Qg2 Rxc2+ 24. Qxc2 Qa1+ 25. Qb1 Qc3+
26. Kd1 Qxe3 27. Qc2 Qxd4+ 28. Kc1 Ba6 29. Rh1 Qxf4+ 30. Kb2 Qd4+ 31. Kc1
Bd3 32. Qd2 Qa1# { White checkmated } 0-1

[Event "ICC tourney 2516 (60 10)"]
[Site "Internet Chess Club"]
[Date "2021.04.18"]
[Round "6"]
[White "KHAN, SAARIM YANAAL:Themarvelman"]
[Black "PHU, EMMA:elliephuy"]
[Result "0-1"]
[ICCResult "White checkmated"]
[WhiteElo "683"]
[BlackElo "1014"]
[Opening "Four knights: Spanish, classical defense"]
[ECO "C48"]
[NIC "KP.03"]
[Time "16:32:18"]
[PlyCount "130"]
[TimeControl "3600+10"]

1. e4 e5 2. Nf3 Nc6 3. Nc3 Nf6 4. Bb5 Bc5 5. Nxe5 Nxe5 6. d4 Bxd4 7. Qxd4
Nc6 8. Bxc6 dxc6 9. Be3 Qxd4 10. Bxd4 Kf8 11. Bc5+ Ke8 12. e5 Nd7 13. Ba3
Nxe5 14. O-O-O Be6 15. Rd2 b6 16. Re1 Nc4 17. Rde2 Nxa3 18. bxa3 Rd8 19. f4
Kd7 20. f5 Bxf5 21. Rd1+ Kc8 22. Rf1 Be6 23. Ne4 Bc4 24. Ref2 Bxf1 25. Rxf1
f6 26. Kb2 Rhe8 27. Re1 Rd4 28. Nd6+ Rxd6 29. Rxe8+ Rd8 30. Re7 Rd7 31. Re3
h5 32. Rg3 g5 33. Rf3 Rd6 34. Rg3 Rd4 35. Kc3 Rf4 36. Re3 Kd7 37. g3 Rf5
38. h3 g4 39. hxg4 hxg4 40. Re4 Rg5 41. Kd4 c5+ 42. Ke3 f5 43. Rc4 Kd6 44.
Kf4 Rg8 45. Kxf5 Kd5 46. Re4 b5 47. a4 b4 48. c4+ bxc3 49. Re2 Kd4 50. Kf4
Kd3 51. Re3+ Kd2 52. Re7 c2 53. Rd7+ Kc3 54. Rxc7 Kb2 55. Rb7+ Kxa2 56. Rh7
c1=Q+ 57. Kf5 Qc2+ 58. Kf4 Qxh7 59. Ke3 Qf7 60. Ke4 Re8+ 61. Kd3 Qd5+ 62.
Kc3 Re3+ 63. Kc2 Qb3+ 64. Kd2 Qd3+ 65. Kc1 Re1# { White checkmated } 0-1

[Event "ICC tourney 2516 (60 10)"]
[Site "Internet Chess Club"]
[Date "2021.04.18"]
[Round "6"]
[White "Romig, Olive:icicle333"]
[Black "SINGH, JIYAN:mithu542"]
[Result "0-1"]
[ICCResult "White checkmated"]
[WhiteElo "601"]
[BlackElo "575"]
[Opening "Giuoco Piano: four knights variation"]
[ECO "C47"]
[NIC "KP.06"]
[Time "16:32:59"]
[PlyCount "60"]
[TimeControl "3600+10"]

1. e4 e5 2. Nf3 Nc6 3. Nc3 Nf6 4. Bc4 Bc5 5. O-O O-O 6. d3 d6 7. Bg5 Be6 8.
Bxe6 fxe6 9. d4 exd4 10. Ne2 e5 11. Nh4 Qe7 12. Ng3 Qe6 13. Ngf5 Ne7 14.
Bxf6 Qxf6 15. Qg4 Bb4 16. a3 Bd2 17. Rad1 Bg5 18. Nf3 Bh6 19. h4 Nxf5 20.
exf5 Qxf5 21. Qg3 Bf4 22. Qh3 Qxh3 23. gxh3 Rf6 24. Kh1 Re8 25. Rg1 e4 26.
Nxd4 Rh6 27. Ne2 Rxh4 28. Rg2 Rf8 29. Rdg1 Rxh3+ 30. Rh2 Rxh2# { White
checkmated } 0-1

[Event "ICC tourney 2516 (60 10)"]
[Site "Internet Chess Club"]
[Date "2021.04.18"]
[Round "6"]
[White "Peng, Terence:terecepps11"]
[Black "MARCAL, ZIVA:SpeyerZivaM"]
[Result "0-1"]
[ICCResult "White checkmated"]
[WhiteElo "496"]
[BlackElo "726"]
[Opening "Sicilian defense"]
[ECO "B30"]
[NIC "SI.31"]
[Time "16:32:39"]
[PlyCount "42"]
[TimeControl "3600+10"]

1. e4 c5 2. Nf3 Nc6 3. Bc4 g6 4. Ng5 e6 5. O-O Qxg5 6. d3 Qe5 7. Bd2 Bd6 8.
g3 Nf6 9. Bc3 Qg5 10. Bd2 Qh5 11. Qe1 Ng4 12. h4 g5 13. Bxg5 Rg8 14. Be3
Nxe3 15. Qxe3 Qxh4 16. Nc3 Bxg3 17. fxg3 Rxg3+ 18. Qxg3 Qxg3+ 19. Kh1 Ne5
20. Bb3 Ng4 21. Rf2 Nxf2# { White checkmated } 0-1

[Event "ICC tourney 2516 (60 10)"]
[Site "Internet Chess Club"]
[Date "2021.04.18"]
[Round "6"]
[White "Liang, Warren:warrenl"]
[Black "PANG, OWEN J:C31chessP"]
[Result "1-0"]
[ICCResult "Black checkmated"]
[WhiteElo "1118"]
[BlackElo "887"]
[Opening "Caro-Kann: Panov-Botvinnik attack"]
[ECO "B13"]
[NIC "CK.03"]
[Time "16:32:35"]
[PlyCount "73"]
[TimeControl "3600+10"]

1. e4 c6 2. d4 d5 3. exd5 cxd5 4. c4 Nf6 5. Nc3 Bf5 6. Nf3 e6 7. Be2 Be7 8.
O-O O-O 9. Bf4 Nc6 10. Qd2 Qd7 11. cxd5 exd5 12. Bb5 Bd6 13. Ne5 Bxe5 14.
Bxe5 a6 15. Ba4 Qe6 16. Rfe1 Nxe5 17. Rxe5 Qd6 18. Rxf5 h6 19. Bb3 Rfe8 20.
Nxd5 Nxd5 21. Bxd5 Re7 22. Re1 Rxe1+ 23. Qxe1 Rc8 24. Bxf7+ Kh7 25. Be6 Qb4
26. Qb1 Kh8 27. Bxc8 Qe7 28. Re5 Qf8 29. Bd7 Qg8 30. Re8 Qxe8 31. Bxe8 Kg8
32. Qg6 Kh8 33. d5 b5 34. d6 b4 35. d7 b3 36. d8=Q bxa2 37. Bf7# { Black
checkmated } 1-0

[Event "ICC tourney 2516 (60 10)"]
[Site "Internet Chess Club"]
[Date "2021.04.18"]
[Round "6"]
[White "Iyer, Akash:akashiyer2012"]
[Black "CHUN, MATTHIAS:Benjimc77"]
[Result "0-1"]
[ICCResult "White checkmated"]
[WhiteElo "713"]
[BlackElo "753"]
[Opening "two knights defense"]
[ECO "C58"]
[NIC "KP.01"]
[Time "16:32:21"]
[PlyCount "36"]
[TimeControl "3600+10"]

1. e4 e5 2. Nf3 Nc6 3. Bc4 Nf6 4. Ng5 d5 5. exd5 Na5 6. Be2 h6 7. Nf3 e4 8.
Ne5 Qxd5 9. Ng4 Bxg4 10. Bxg4 Bd6 11. Be2 O-O 12. O-O Qe5 13. g3 Nc6 14. d3
Nd4 15. Bf4 Nxe2+ 16. Kh1 Nxf4 17. gxf4 Qxf4 18. Nc3 Qxh2# { White
checkmated } 0-1

[Event "ICC tourney 2516 (60 10)"]
[Site "Internet Chess Club"]
[Date "2021.04.18"]
[Round "6"]
[White "BADAWI, JUDE:Judebestgm"]
[Black "SHLISKY, CLARK:ClarkSps77"]
[Result "1-0"]
[ICCResult "Black checkmated"]
[WhiteElo "732"]
[BlackElo "950"]
[Opening "Four knights: Ranken variation"]
[ECO "C48"]
[NIC "KP.03"]
[Time "16:32:23"]
[PlyCount "81"]
[TimeControl "3600+10"]

1. e4 e5 2. Nf3 Nc6 3. Nc3 Nf6 4. Bb5 a6 5. Bxc6 dxc6 6. Nxe5 Qe7 7. d4 c5
8. O-O cxd4 9. Qxd4 c5 10. Qa4+ b5 11. Nxb5 axb5 12. Qxa8 Kd8 13. Nc6+ Kd7
14. Nxe7 Bxe7 15. Qa7+ Kd8 16. Qa5+ Ke8 17. Qxb5+ Kf8 18. Qb8 c4 19. Qxc8+
Ne8 20. Qxc4 Nd6 21. Qb3 Kg8 22. e5 Ne4 23. e6 fxe6 24. Qxe6+ Kf8 25. Qc8+
Kf7 26. Qxh8 Nf6 27. Re1 Bb4 28. Bg5 Bf8 29. Bxf6 gxf6 30. Qxf8+ Kxf8 31.
Re6 Kf7 32. Rae1 f5 33. Rh6 Kg7 34. a4 Kxh6 35. a5 Kg5 36. a6 h5 37. a7 Kh4
38. a8=Q Kg4 39. Qg8+ Kh4 40. Re3 f4 41. Rh3# { Black checkmated } 1-0

[Event "ICC tourney 2516 (60 10)"]
[Site "Internet Chess Club"]
[Date "2021.04.18"]
[Round "6"]
[White "LIAO, CONNOR:che2468"]
[Black "AHN, WILLIAM TK:kitook"]
[Result "1-0"]
[ICCResult "Black checkmated"]
[WhiteElo "1488"]
[BlackElo "789"]
[Opening "Queen's pawn: Chigorin variation"]
[ECO "D00"]
[NIC "QP.08"]
[Time "16:32:34"]
[PlyCount "83"]
[TimeControl "3600+10"]

1. d4 d5 2. Nc3 Nc6 3. Bf4 Bf5 4. e3 Nf6 5. f3 e6 6. g4 Bg6 7. h4 h5 8. g5
Nd7 9. Bd3 Bxd3 10. Qxd3 f6 11. Qg6+ Ke7 12. Nge2 Qe8 13. gxf6+ Nxf6 14.
Qg3 Nb4 15. O-O-O Kd7 16. Bxc7 Rc8 17. Nb5 a6 18. Nd6 Qe7 19. Nxc8 Kxc8 20.
Ba5 Nxa2+ 21. Kb1 Nb4 22. Bxb4 Qxb4 23. Rd3 Qb5 24. Rc3+ Kd8 25. Qc7+ Ke8
26. Nf4 Qd7 27. Qb8+ Ke7 28. Rc7 Qxc7 29. Qxc7+ Ke8 30. Nxe6 Be7 31. Nxg7+
Kf7 32. Nf5 Ke6 33. Qxe7+ Kxf5 34. Qe5+ Kg6 35. Rg1+ Kf7 36. Qc7+ Ke6 37.
Qb6+ Kf7 38. Qxb7+ Ke6 39. Qc6+ Kf7 40. Qc7+ Ke6 41. Rg7 Re8 42. Qe5# {
Black checkmated } 1-0

[Event "ICC tourney 2516 (60 10)"]
[Site "Internet Chess Club"]
[Date "2021.04.18"]
[Round "6"]
[White "Vostrikova, Maya:MayaVostrikova"]
[Black "PRYYMAK, DAVID:SABHDavidP"]
[Result "1-0"]
[ICCResult "Black checkmated"]
[WhiteElo "593"]
[BlackElo "206"]
[Opening "Petrov three knights game"]
[ECO "C26"]
[NIC "AL.10"]
[Time "16:33:10"]
[PlyCount "45"]
[TimeControl "3600+10"]

1. e4 Nf6 2. Nc3 e5 3. Nf3 d6 4. Be2 Ng4 5. O-O Nc6 6. d3 Ke7 7. h3 Nf6 8.
d4 exd4 9. Nxd4 d5 10. Nxc6+ bxc6 11. Be3 Bb7 12. Bc5+ Kd7 13. Bg4+ Ke8 14.
e5 Ng8 15. Re1 Bxc5 16. e6 fxe6 17. Rxe6+ Ne7 18. Qf3 Qd7 19. Rf6 gxf6 20.
Bxd7+ Kxd7 21. Re1 Nf5 22. Qxf5+ Kd6 23. Qe6# { Black checkmated } 1-0

[Event "ICC tourney 2516 (60 10)"]
[Site "Internet Chess Club"]
[Date "2021.04.18"]
[Round "6"]
[White "Krishnan, Anish:AnishKrishnan"]
[Black "TIENG, JONATHAN:GawGaw314"]
[Result "0-1"]
[ICCResult "White checkmated"]
[WhiteElo "1195"]
[BlackElo "1320"]
[Opening "Queen's pawn: Charlick (Englund) gambit"]
[ECO "A40"]
[NIC "QO.17"]
[Time "16:32:32"]
[PlyCount "40"]
[TimeControl "3600+10"]

1. d4 e5 2. dxe5 Nc6 3. Nf3 Qe7 4. Nc3 Nxe5 5. Nxe5 Qxe5 6. e4 Bb4 7. Qd3
Nf6 8. f3 O-O 9. Be2 d5 10. exd5 Nxd5 11. Bd2 Rd8 12. O-O-O Bf5 13. Qc4
Nxc3 14. Bxc3 Bxc3 15. bxc3 Qe3+ 16. Kb1 Rd2 17. Rxd2 Qxd2 18. Rd1 Bxc2+
19. Ka1 Bxd1 20. Bxd1 Qc1# { White checkmated } 0-1

[Event "ICC tourney 2516 (60 10)"]
[Site "Internet Chess Club"]
[Date "2021.04.18"]
[Round "6"]
[White "VARMA, ANAY:anayvarma"]
[Black "SINHA, TANISHI:NYCchesskid"]
[Result "1-0"]
[ICCResult "Black checkmated"]
[WhiteElo "879"]
[BlackElo "625"]
[Opening "Giuoco Piano"]
[ECO "C50"]
[NIC "IG.02"]
[Time "16:32:30"]
[PlyCount "53"]
[TimeControl "3600+10"]

1. e4 e5 2. Nf3 Nc6 3. Bc4 Bc5 4. h3 Nf6 5. O-O O-O 6. Nc3 d6 7. d3 h6 8.
Be3 Bxe3 9. fxe3 Be6 10. Nd5 Bxd5 11. Bxd5 Nxd5 12. exd5 Ne7 13. e4 Qd7 14.
Nh4 Rad8 15. Nf5 Nxf5 16. Rxf5 g6 17. Rf6 Rfe8 18. Qf3 Qe7 19. Rf1 Rf8 20.
Qg4 h5 21. Qg5 Qd7 22. Qh6 Rde8 23. R1f3 Re7 24. Rg3 Ree8 25. Rgxg6+ fxg6
26. Rxg6+ Qg7 27. Qxg7# { Black checkmated } 1-0

[Event "ICC tourney 2516 (60 10)"]
[Site "Internet Chess Club"]
[Date "2021.04.18"]
[Round "6"]
[White "PRASERTSOM, AUGUST SAHARAT:August2012"]
[Black "HEMLOCK, SEBASTIAN KOH:SKH2011"]
[Result "1-0"]
[ICCResult "Black checkmated"]
[WhiteElo "1013"]
[BlackElo "777"]
[Opening "Sicilian: dragon variation"]
[ECO "B70"]
[NIC "SI.15"]
[Time "16:32:20"]
[PlyCount "129"]
[TimeControl "3600+10"]

1. e4 c5 2. Nf3 d6 3. d4 cxd4 4. Nxd4 Nf6 5. Nc3 g6 6. Bb5+ Bd7 7. Be3 Bg7
8. Bc4 O-O 9. Qd2 Nc6 10. Nf3 Ng4 11. O-O-O Nxe3 12. Qxe3 Bg4 13. h3 Bxf3
14. Qxf3 Ne5 15. Qe2 Rc8 16. Bb3 Qa5 17. Qe3 Nc4 18. Bxc4 Rxc4 19. Rd3 Bxc3
20. Rxc3 Rxc3 21. Qxc3 Qxa2 22. Kd2 b6 23. h4 Qa5 24. b4 Qe5 25. Qe3 f5 26.
f4 Qxe4 27. Qb3+ Rf7 28. Qh3 Qxf4+ 29. Ke2 Qc4+ 30. Kf2 Qxb4 31. h5 Qf4+
32. Kg1 g5 33. Qc3 g4 34. Qc8+ Rf8 35. Qe6+ Kg7 36. Qxe7+ Rf7 37. h6+ Kg6
38. Qe6+ Kg5 39. Qxf7 Qc1+ 40. Kh2 Qf4+ 41. Kg1 Qc1+ 42. Kf2 Qxc2+ 43. Ke1
Qc1+ 44. Ke2 Qxh1 45. Qg7+ Kh4 46. Qf6+ Kg3 47. Qc3+ Kxg2 48. Qc6+ Kh3 49.
Qxh1+ Kg3 50. Qe1+ Kf4 51. Qd2+ Ke4 52. Qe3+ Kd5 53. Qg5 Ke5 54. Qg7+ Kf4
55. Qxh7 g3 56. Qg7 a5 57. h7 a4 58. h8=Q a3 59. Qhh6+ Ke4 60. Qe7+ Kd4 61.
Qhe3+ Kc4 62. Qc7+ Kb4 63. Qec3+ Kb5 64. Q7c6+ Ka6 65. Qxa3# { Black
checkmated } 1-0

[Event "ICC tourney 2516 (60 10)"]
[Site "Internet Chess Club"]
[Date "2021.04.18"]
[Round "6"]
[White "Burton, Charles:NiceTractor"]
[Black "Lee, Jesse:rubblepup"]
[Result "0-1"]
[ICCResult "White checkmated"]
[WhiteElo "989"]
[BlackElo "1241"]
[Opening "Four knights: Italian variation"]
[ECO "C47"]
[NIC "KP.06"]
[Time "16:32:32"]
[PlyCount "132"]
[TimeControl "3600+10"]

1. e4 e5 2. Nf3 Nc6 3. Nc3 Nf6 4. Bc4 Nxe4 5. Nxe4 d5 6. Bxd5 Qxd5 7. Nc3
Qa5 8. O-O Bc5 9. Qe2 O-O 10. Nxe5 Nxe5 11. Qxe5 Bxf2+ 12. Rxf2 Qxe5 13. d3
Bg4 14. Bf4 Qc5 15. Re1 Rfe8 16. Ra1 Re6 17. Ne4 Qb6 18. Rb1 Rae8 19. Re1
Qxb2 20. c4 Qd4 21. Be3 Qxd3 22. Nc5 Qxe3 23. Rxe3 Rxe3 24. h3 Be6 25. Rc2
Bf5 26. Rf2 Bd3 27. Nxb7 Bxc4 28. Na5 Bd5 29. a4 R3e4 30. Rf5 R8e5 31. Rf3
Re1+ 32. Kh2 Bxf3 33. Nc4 R5e4 34. Nd2 Rxa4 35. Nxf3 c5 36. Nxe1 c4 37. Kg3
c3 38. Kf2 Ra2+ 39. Ke3 c2 40. Kd2 a5 41. Nxc2 Rxc2+ 42. Kxc2 f5 43. Kb2
Kf7 44. Ka3 Kg6 45. Ka4 Kh5 46. Kxa5 Kh4 47. Kb4 Kg3 48. h4 Kxh4 49. Kc3
Kg3 50. Kd2 Kxg2 51. Ke3 h5 52. Kf4 h4 53. Kg5 h3 54. Kh4 h2 55. Kg5 h1=Q
56. Kf4 Qf1+ 57. Kg5 Qf3 58. Kg6 Qe4 59. Kh7 f4+ 60. Kxg7 Qf5 61. Kh6 Qg4
62. Kh7 Qg5 63. Kh8 f3 64. Kh7 f2 65. Kh8 f1=Q 66. Kh7 Qh1# { White
checkmated } 0-1

[Event "ICC tourney 2516 (60 10)"]
[Site "Internet Chess Club"]
[Date "2021.04.18"]
[Round "6"]
[White "ZHANG, MOHAN:momozhang"]
[Black "SPEDALIERI, JULIAN N:julians2012"]
[Result "0-1"]
[ICCResult "White checkmated"]
[WhiteElo "824"]
[BlackElo "1087"]
[Opening "Scotch game"]
[ECO "C45"]
[NIC "SO.05"]
[Time "16:32:24"]
[PlyCount "88"]
[TimeControl "3600+10"]

1. e4 e5 2. Nf3 Nc6 3. d4 exd4 4. Nxd4 Bc5 5. Nxc6 bxc6 6. Bf4 Qf6 7. Qg4
Qd4 8. Be3 Qxb2 9. Bc4 Bxe3 10. Qf3 Qc1+ 11. Qd1 Qxd1+ 12. Kxd1 Bb6 13. Nc3
Bb7 14. Ke2 O-O-O 15. Rab1 Ba5 16. Na4 Bb6 17. Nxb6+ axb6 18. a4 Kb8 19. a5
Ka7 20. axb6+ cxb6 21. Ra1+ Kb8 22. Rhb1 Kc7 23. Ra7 Rb8 24. Ra4 b5 25.
Rab4 bxc4 26. Kd2 Nf6 27. Rxc4 Ba6 28. Rcb4 Nxe4+ 29. Ke3 Nc3 30. Kd4 Nxb1
31. Ra4 Bb5 32. Rb4 d6 33. Rxb1 c5+ 34. Kd5 Bc6+ 35. Kc4 Rxb1 36. Kd3 Bb5+
37. Kc3 d5 38. Kd2 c4 39. c3 Rb2+ 40. Ke3 Re8+ 41. Kd4 Kc6 42. f3 Rbe2 43.
g4 R8e3 44. f4 Rd3# { White checkmated } 0-1

[Event "ICC tourney 2516 (60 10)"]
[Site "Internet Chess Club"]
[Date "2021.04.18"]
[Round "6"]
[White "GUTTMAN, JACK MAVERICK:Bg71"]
[Black "RAJENDRAN, ISHAAN:ArtMan2030"]
[Result "0-1"]
[ICCResult "White checkmated"]
[WhiteElo "1309"]
[BlackElo "1148"]
[Opening "Queen's pawn, Mason variation"]
[ECO "D00"]
[NIC "QP.08"]
[Time "16:32:33"]
[PlyCount "46"]
[TimeControl "3600+10"]

1. d4 d5 2. Bf4 Nf6 3. e3 c5 4. c3 Nc6 5. Bd3 Bg4 6. f3 Bh5 7. Nd2 Bg6 8.
Bxg6 hxg6 9. Ne2 e6 10. O-O cxd4 11. Nxd4 Bd6 12. Bxd6 Qxd6 13. f4 e5 14.
Nxc6 bxc6 15. Nb3 Kd7 16. g3 exf4 17. exf4 Ne4 18. Re1 g5 19. Qg4+ Kc7 20.
Rad1 Qe7 21. Nd2 Qc5+ 22. Kg2 Qf2+ 23. Kh1 Rxh2# { White checkmated } 0-1

[Event "ICC tourney 2516 (60 10)"]
[Site "Internet Chess Club"]
[Date "2021.04.18"]
[Round "6"]
[White "XIE, KEVIN:kevinxps10"]
[Black "Hu, Ruyi:Ruyi"]
[Result "1/2-1/2"]
[ICCResult "Game drawn by repetition"]
[WhiteElo "1081"]
[BlackElo "791"]
[Opening "Giuoco Pianissimo: Italian four knights variation"]
[ECO "C50"]
[NIC "IG.02"]
[Time "16:32:23"]
[PlyCount "130"]
[TimeControl "3600+10"]

1. e4 e5 2. Nf3 Nc6 3. Bc4 Bc5 4. Nc3 Nf6 5. d3 h6 6. Be3 Bb6 7. Qd2 d6 8.
h3 Be6 9. Nd5 Bxd5 10. Bxd5 Nxd5 11. exd5 Nd4 12. Nxd4 exd4 13. Bf4 Qe7+
14. Kf1 O-O-O 15. Re1 Qf6 16. Bg3 Kb8 17. Qe2 a6 18. Qe7 Qxe7 19. Rxe7 Rhf8
20. Kg1 Rde8 21. Rxe8+ Rxe8 22. Kh2 Re2 23. Rc1 Ba5 24. Kg1 Bd2 25. Rd1 Bg5
26. f4 Bf6 27. Rc1 Re3 28. Bf2 Re7 29. Re1 Rxe1+ 30. Bxe1 Ka7 31. Kf1 Kb6
32. Ke2 Kc5 33. Kf3 Kxd5 34. Kg4 b6 35. c3 dxc3 36. bxc3 b5 37. a3 c6 38.
Kf5 Kc5 39. g4 Kd5 40. h4 Kc5 41. g5 hxg5 42. hxg5 Be7 43. g6 fxg6+ 44.
Kxg6 Bf6 45. Bf2+ Kd5 46. Be1 Ke6 47. f5+ Ke5 48. Bd2 Kd5 49. Kf7 Ke5 50.
Kg6 Kd5 51. Kf7 Ke5 52. Kg6 Kd5 53. Kf7 Ke5 54. Kg6 Kd5 55. Be1 Ke5 56. Bd2
Kd5 57. Kf7 Ke5 58. Kg6 Kd5 59. Kf7 Ke5 60. Kg6 Kd5 61. Kf7 Ke5 62. Kg6 Kd5
63. Kf7 Ke5 64. Kg6 Kd5 65. Kf7 Ke5 { Game drawn by repetition } 1/2-1/2

[Event "ICC tourney 2516 (60 10)"]
[Site "Internet Chess Club"]
[Date "2021.04.18"]
[Round "6"]
[White "LI, ANTHONY:AnthonyLi2017"]
[Black "SLABIN, LEO:LeoNYC"]
[Result "0-1"]
[ICCResult "White resigns"]
[WhiteElo "682"]
[BlackElo "1004"]
[Opening "QGD: 4.Bg5"]
[ECO "D50"]
[NIC "QO.16"]
[Time "16:32:21"]
[PlyCount "74"]
[TimeControl "3600+10"]

1. d4 Nf6 2. c4 e6 3. Nc3 d5 4. Bg5 Bb4 5. Qa4+ Nc6 6. cxd5 exd5 7. Nf3 h6
8. Bh4 Bd7 9. Qb3 Be6 10. e3 O-O 11. Bd3 Bg4 12. Qd1 Qd6 13. O-O Bxc3 14.
bxc3 Qd7 15. Rc1 Ne4 16. c4 Qe6 17. cxd5 Qxd5 18. Bb1 Nb4 19. a3 Nc6 20.
Qc2 Bf5 21. Nd2 Nxd2 22. Qxd2 Bxb1 23. Rxb1 Qa5 24. Qxa5 Nxa5 25. Rfc1 Rac8
26. Kf1 Rfe8 27. Bg3 c6 28. Ke2 g5 29. Bd6 b5 30. Bc5 a6 31. Bb6 Nb7 32. a4
Re4 33. axb5 axb5 34. Rxb5 Re6 35. d5 Rd6 36. Bc5 cxb5 37. Bxd6 Rxc1 {
White resigns } 0-1

[Event "ICC tourney 2516 (60 10)"]
[Site "Internet Chess Club"]
[Date "2021.04.18"]
[Round "6"]
[White "Goodrich, Elliott:mrforkydude"]
[Black "JING, ANDREW:andrewj508"]
[Result "0-1"]
[ICCResult "White checkmated"]
[WhiteElo "1412"]
[BlackElo "1325"]
[Opening "French: advance, Paulsen attack"]
[ECO "C02"]
[NIC "FR.03"]
[Time "16:32:38"]
[PlyCount "184"]
[TimeControl "3600+10"]

1. e4 e6 2. d4 d5 3. e5 c5 4. c3 Nc6 5. Nf3 Qb6 6. a3 cxd4 7. cxd4 Nge7 8.
b4 Nf5 9. Be3 Nxe3 10. fxe3 a6 11. Be2 Be7 12. O-O O-O 13. Nc3 Bd7 14. Rc1
Rac8 15. Na4 Qa7 16. Nc5 Be8 17. Qd2 Nb8 18. Bd3 Nd7 19. Kh1 Nxc5 20. bxc5
Bc6 21. Qc2 h6 22. Ng1 Bg5 23. Rce1 Bb5 24. Bxb5 axb5 25. Nh3 Be7 26. Ra1
b6 27. Qd3 bxc5 28. Qxb5 cxd4 29. exd4 Qxd4 30. Qe2 Qa7 31. a4 Rc4 32. Qa2
Rfc8 33. a5 Qa8 34. Qf2 Rf8 35. Rfb1 Bc5 36. Qd2 Ba7 37. a6 Rfc8 38. Ng1
Rc2 39. Qe1 d4 40. Qg3 d3 41. Rb7 d2 42. Qf4 Rf8 43. Rd1 Bxg1 44. Kxg1 Qxa6
45. Rbb1 Rd8 46. h3 Qd3 47. Kh2 Qc4 48. Qf2 Rc1 49. Rxd2 Rxd2 50. Rb8+ Kh7
51. Qxd2 Rc2 52. Qe3 Qd5 53. Qg3 Rc5 54. Rf8 Qxe5 55. Rxf7 Qxg3+ 56. Kxg3
Rf5 57. Re7 e5 58. h4 Kg6 59. Kh3 Kf6 60. Rc7 e4 61. Rc1 e3 62. Re1 Re5 63.
g4 Ke6 64. Kg3 Kd5 65. Kf4 Re4+ 66. Kf3 Kd4 67. Rd1+ Ke5 68. Re1 Rf4+ 69.
Kg3 Ke4 70. Re2 Kd3 71. Ra2 Rc4 72. Kf3 Rc3 73. Re2 Kd4 74. g5 h5 75. Kf4
Rd3 76. Kf3 Ra3 77. Kf4 Ra7 78. g6 Ra6 79. Kg5 Kd3 80. Re1 Ra5+ 81. Kf4 e2
82. Kf3 Rf5+ 83. Kg2 Kd2 84. Rxe2+ Kxe2 85. Kg3 Rf3+ 86. Kg2 Rf2+ 87. Kg3
Rf6 88. Kh2 Rxg6 89. Kh3 Kf2 90. Kh2 Rg4 91. Kh3 Ra4 92. Kh2 Rxh4# { White
checkmated } 0-1